 Dungeon Crawl Stone Soup version 0.31-a0-152-g6aa68a64a1 (webtiles) character file.

Game seed: 10525206844738457984

55 qw the Chopper (level 3, -1/23 HPs)
             Began as a Gargoyle Fighter on June 10, 2023.
             Slain by Terence
             ... wielding a +0 flail
              (10 damage)
             ... on level 2 of the Dungeon.
             The game lasted 00:00:34 (1087 turns).

qw the Chopper (Gargoyle Fighter)                   Turns: 1087, Time: 00:00:34

Health: -1/23      AC: 10    Str: 21    XL:     3   Next: 93%
Magic:  3/3        EV:  9    Int:  8    God:
Gold:   76         SH:  4    Dex:  9    Spells: 2/2 levels left

rFire   . . .        Y - +0 war axe
rCold   . . .        c - +0 buckler
rNeg    + . .        b - +0 scale mail
rPois   inf          (no helmet)
rElec   +            (no cloak)
rCorr   .            (no gloves)
SInv    .            (no boots)
Will    .....        i - amulet of regeneration Stlth
                     (no ring)
HPRegen 1.03/turn    (no ring)
MPRegen 0.08/turn

%: no passive effects
@: no status effects
A: sickness immunity, AC +3, negative energy resistance 1, electricity
resistance, torment resistance 1, petrification resistance
a: no special abilities


You were on level 2 of the Dungeon.
You visited 1 branch of the dungeon, and saw 2 of its levels.

You collected 76 gold pieces.


Innate Abilities, Weirdness & Mutations

You are immune to sickness and miasma.
Your stone body is resilient. (AC +3)
You are immune to poison.
You resist negative energy. (rN+)
You are resistant to electric shocks. (rElec)
You are resistant to unholy torment.
You are immune to petrification.


   Skills:
 - Level 3.2 Fighting
 + Level 3.7 Axes
 - Level 3.2 Armour
 - Level 3.2 Shields


You had 2 spell levels left.
You didn't know any spells.
Your spell library was empty.

Inventory:

Hand Weapons
 g - a +2 whip of draining
 Y - a +0 war axe (weapon)
Armour
 b - a +0 scale mail (worn)
 c - a +0 buckler (worn)
Jewellery
 i - an amulet of regeneration (around neck)
Scrolls
 a - a scroll of acquirement {unknown}
Potions
 d - a potion of might
 e - a potion of heal wounds {unknown}
 f - a potion of haste {unknown}
 h - a potion of curing {unknown}

Dungeon Overview and Level Annotations

Branches:
Dungeon (2/15)

Altars:

Annotations:
D:2 1 runed translucent door, Crazy Yiuf, Terence


Message History

Crazy Yiuf cries, "You leg down broken song, no?"
Found 4 stones.
Enter note: You see here 4 stones.
Found a trident.
Found a stone staircase leading up.
Enter note:
Enter note: Natasha, Servant of Life and Death comes into view.
She is carrying a wand of flame (6).
Natasha hisses angrily.
Terence the Incautious comes into view.
He is wielding a +0 flail.
Enter note:
Enter note:
1078 ||| Stepping ~*~*~tactically~*~*~ (hiding).
You start waiting.
Natasha is nearby!
Enter note:
Enter note:
Found a scroll labelled NOOKUP POHY.
Natasha zaps a wand.
The puff of flame hits you.
Enter note:
Enter note: You slash Natasha!
Natasha is heavily wounded.
You block Natasha's attack.
You closely miss Natasha.
Natasha is heavily wounded.
Natasha closely misses you.
Natasha stares at you and mumbles some strange words.
The magic dart hits you!
You slash Natasha!
You kill Natasha!
Natasha screams in fury as she dies!
You closely miss Terence. Terence hits you but does no damage.
You barely miss Terence. Terence hits you but does no damage.
Terence hits you with a +0 flail!
You hit Terence.
Terence is moderately wounded.
Terence hits you with a +0 flail!
You die...

#.......#......+....#
#####.....######....#
#..........#.####
#....#####+#.#
#........<...##
#....#.........
######....)..#
####.......##
#....@.....?#
#.##%@....### ..
......#...# #..
#..##..#...# ## ...#
#.. ... #..# ... #
#.. .... #. ?.###


You could see Terence.

Vanquished Creatures
  Natasha (D:2)
  A dart slug (D:2)
  2 goblins
  6 hobgoblins
  2 ball pythons (D:1)
  4 bats
  4 frilled lizards
  6 kobolds (D:1)
  A rat (D:1)
27 creatures vanquished.

Notes
Turn   | Place    | Note
-------+----------+-------------------------------------------
     0 | D:1      | qw the Gargoyle Fighter began the quest for the Orb.
     0 | D:1      | Reached XP level 1. HP: 14/14 MP: 1/1
     0 | D:1      | 0 ||| qw: Version: 0.2-a-29-g767f381
     0 | D:1      | 0 ||| qw: Game counter: 3904
     0 | D:1      | 0 ||| qw: Always use a shield: true
     0 | D:1      | 0 ||| qw: God list: Okawaru
     0 | D:1      | 0 ||| qw: Allow faded altars: false
     0 | D:1      | 0 ||| qw: Do Orc after D:15 true
     0 | D:1      | 0 ||| qw: Do second Lair branch before Depths: true
     0 | D:1      | 0 ||| qw: Lair rune preference: random
     0 | D:1      | 0 ||| qw: Plans: Normal, Zot:1-4, Slime:5, God:TSO, Crypt,
                  | Tomb, Abyss, Pan, Hells, Win
     0 | D:1      | 0 ||| PLANNING D:1-11
    33 | D:1      | 33 ||| DROPPING +2 whip of distortion.
   288 | D:1      | Reached XP level 2. HP: 19/19 MP: 2/2
   311 | D:1      | 311 ||| DROPPING +0 club.
   534 | D:1      | 534 ||| Stepping ~*~*~tactically~*~*~ (hiding).
   535 | D:1      | 535 ||| Stepping ~*~*~tactically~*~*~ (hiding).
   536 | D:1      | 536 ||| Stepping ~*~*~tactically~*~*~ (hiding).
   733 | D:1      | 733 ||| Stepping ~*~*~tactically~*~*~ (hiding).
   829 | D:1      | 829 ||| UPGRADING to amulet of regeneration.
   834 | D:1      | 834 ||| READING scroll labelled NOMYTT MEPA.
   835 | D:1      | 835 ||| READING 2 scrolls labelled CAB LIRIUKOTA.
   836 | D:1      | 836 ||| DROPPING scroll of blinking.
   878 | D:2      | 878 ||| Stepping ~*~*~tactically~*~*~ (stealth).
   880 | D:2      | 880 ||| Stepping ~*~*~tactically~*~*~ (stealth).
   890 | D:2      | Reached skill level 3 in Axes
   898 | D:2      | 898 ||| FLEEEEING.
   899 | D:2      | 899 ||| Stepping ~*~*~tactically~*~*~ (hiding).
   909 | D:2      | Reached XP level 3. HP: 23/23 MP: 3/3
   964 | D:2      | 964 ||| Stepping ~*~*~tactically~*~*~ (stealth).
   978 | D:2      | 978 ||| FLEEEEING.
   997 | D:2      | 997 ||| DROPPING +0 whip.
  1019 | D:2      | Found a runed translucent door.
  1020 | D:2      | Noticed Crazy Yiuf
  1077 | D:2      | Noticed Natasha
  1077 | D:2      | Noticed Terence
  1078 | D:2      | 1078 ||| Stepping ~*~*~tactically~*~*~ (hiding).
  1084 | D:2      | Killed Natasha
  1087 | D:2      | Slain by Terence

Levels and vault maps discovered:
D:1:      psy_arrival_whirlpool, layout_basic, hangedman_abyss_or_decor_stabs
D:2:      layout_basic, minmay_misc_feat_encased, palyth_stone_intersect,
          uniq_natasha, uniq_terence, uniq_crazy_yiuf_cottage

Skill      XL: |  1  2 |
---------------+-------+-----
Axes           | 2 3 |  3.7
Fighting       | |  3.2
Armour         | |  3.2
Shields        | |  3.2

Action                     || total
---------------------------++-------
  Melee: War axe           ||    78
    Use: Scroll            ||     2
 Armour: Scale mail        ||    40
  Dodge: Dodged            ||    31
  Block: Buckler           ||    19

Table legend:
 A = Non-vault XP
 B = Vault XP
 C = Vault XP percentage of total XP
 D = Non-vault monster count
 E = Vault monster count
 F = Vault count percentage of total count
                 A         B        C        D         E       F
            +---------+---------+-------+---------+---------+-------
      Total |      44 |      35 |  44.3 |      26 |       1 |   3.7
            +---------+---------+-------+---------+---------+-------
        D:1 |      26 |       0 |   0.0 |      17 |       0 |   0.0
        D:2 |      18 |      35 |  66.0 |       9 |       1 |  10.0
            +---------+---------+-------+---------+---------+-------
